 Dungeon Crawl Stone Soup version 0.31-a0-214-gb37851dbb3 (webtiles) character file.

Game seed: 8377632104839900275

170 qw the Chopper (level 5, 0/32 HPs)
             Began as a Gargoyle Fighter on July 1, 2023.
             Slain by an orc wizard
             ... wielding a +0 dagger
              (1 damage)
             ... on level 4 of the Dungeon.
             The game lasted 00:01:14 (2392 turns).

qw the Chopper (Gargoyle Fighter)                   Turns: 2392, Time: 00:01:15

Health: 0/32       AC: 10    Str: 22    XL:     5   Next: 50%
Magic:  5/5        EV:  9    Int:  8    God:
Gold:   880        SH:  4    Dex:  9    Spells: 4/4 levels left

rFire   . . .        Y - +0 war axe
rCold   . . .        c - +0 buckler
rNeg    + . .        b - +0 scale mail
rPois   inf          (no helmet)
rElec   +            (no cloak)
rCorr   .            (no gloves)
SInv    .            (no boots)
Will    .....        (no amulet) Stlth
                     (no ring)
HPRegen 0.25/turn    (no ring)
MPRegen 0.09/turn

%: no passive effects
@: no status effects
A: sickness immunity, AC +4, negative energy resistance 1, electricity
resistance, torment resistance 1, petrification resistance
a: no special abilities


You were on level 4 of the Dungeon.
You visited 1 branch of the dungeon, and saw 4 of its levels.

You collected 880 gold pieces.


Innate Abilities, Weirdness & Mutations

You are immune to sickness and miasma.
Your stone body is resilient. (AC +4)
You are immune to poison.
You resist negative energy. (rN+)
You are resistant to electric shocks. (rElec)
You are resistant to unholy torment.
You are immune to petrification.


   Skills:
 + Level 3.3 Fighting
 - Level 5.0 Axes
 - Level 3.2 Armour
 - Level 3.2 Shields


You had 4 spell levels left.
You didn't know any spells.
Your spell library was empty.

Inventory:

Hand Weapons
 i - a +0 mace
 Y - a +0 war axe (weapon)
Armour
 b - a +0 scale mail (worn)
 c - a +0 buckler (worn)
Scrolls
 h - a scroll of identify
 j - 2 scrolls of teleportation
Potions
 d - a potion of might
 e - 2 potions of curing
 g - a potion of mutation
 k - a potion of lignification
 m - a potion of heal wounds {unknown}

Dungeon Overview and Level Annotations

Branches:
Dungeon (4/15)
 Temple: D:4-7

Altars:
Elyvilon
Ru


Message History

The orc closely misses you.
You slash the orc!
You kill the orc!
You barely miss the hobgoblin. The hobgoblin barely misses you.
An orc priest comes into view. It is wielding a +0 short sword.
The orc wizard casts a spell.
The orc wizard flickers and vanishes!
Deactivating autopickup; reactivate with Ctrl-A.
The hobgoblin hits you but does no damage.
The orc priest moves out of view.
You barely miss the hobgoblin.
The hobgoblin hits you but does no damage.
You closely miss the hobgoblin. The hobgoblin barely misses you.
You hit the hobgoblin.
The hobgoblin is almost dead.
The hobgoblin completely misses you.
You closely miss the hobgoblin.
The hobgoblin is severely wounded.
The hobgoblin hits you but does no damage.
An orc comes into view. It is wielding a +0 mace.
The hobgoblin hits you but does no damage.
You slash the hobgoblin!
You kill the hobgoblin!
You miss something. Something hits you but does no damage.
You miss something.
The orc priest mumbles some strange prayers to Beogh against you.
Beogh smites you! Something hits you but does no damage.
You miss something.
The orc priest calls down the wrath of Beogh upon you.
Beogh smites you!
Ouch! That really hurt!
Something hits you. x2
You hear a shout!
2391 ||| FLEEEEING.
You see here a +0 dagger.
2392 ||| FLEEEEING.
Something hits you.
You die...

#.. #.# #...# #>#
#...# #.# #...# #.#
#...#####.#####.
#..............
#...###.#######
#.##o######.#........#
#..oo))@).....##.##.#
#.##.######.#.###.##.#
#.......##.####
#...####.....># #.###
#.#.##.# ###.###
#.#.##.# #.....#
#.#.##.# #.....#
#.#.##.# #.....#
#...##.#


You could see 3 orcs.

Vanquished Creatures
  An orc priest (D:4)
  An orc wizard (D:4)
  2 adders
  3 gnolls (D:3)
  A worm (D:3)
  A dart slug (D:2)
  2 orcs (D:4)
  7 bats
  4 endoplasms
  5 giant cockroaches
  6 goblins
  5 hobgoblins
  5 jackals (D:1)
  5 quokkas
  5 ball pythons
  3 frilled lizards
  2 kobolds
  3 rats (D:1)
61 creatures vanquished.

Notes
Turn   | Place    | Note
-------+----------+-------------------------------------------
     0 | D:1      | qw the Gargoyle Fighter began the quest for the Orb.
     0 | D:1      | Reached XP level 1. HP: 14/14 MP: 1/1
     0 | D:1      | 0 ||| qw: Version: 0.3-a-32-g5962c71
     0 | D:1      | 0 ||| qw: Game counter: 7597
     0 | D:1      | 0 ||| qw: Melee chars always use a shield: true
     0 | D:1      | 0 ||| qw: God list: Okawaru
     0 | D:1      | 0 ||| qw: Allow faded altars: false
     0 | D:1      | 0 ||| qw: Do Orc after clearing Dungeon:15 true
     0 | D:1      | 0 ||| qw: Do second Lair branch before Depths: true
     0 | D:1      | 0 ||| qw: Lair rune preference: random
     0 | D:1      | 0 ||| qw: Goals: Normal, Zot:1-4, Slime:5, God:TSO, Crypt,
                  | Tomb, Abyss, Pan, Hells, Win
     0 | D:1      | 0 ||| PLANNING D:1-11
    22 | D:1      | Reached skill level 2 in Axes
    34 | D:1      | 34 ||| FLEEEEING.
    35 | D:1      | 35 ||| FLEEEEING.
    36 | D:1      | 36 ||| FLEEEEING.
    37 | D:1      | 37 ||| FLEEEEING.
    38 | D:1      | 38 ||| FLEEEEING.
    39 | D:1      | 39 ||| FLEEEEING.
    40 | D:1      | 40 ||| FLEEEEING.
    41 | D:1      | 41 ||| FLEEEEING.
    83 | D:1      | Reached XP level 2. HP: 19/19 MP: 2/2
   140 | D:1      | 140 ||| Stepping ~*~*~tactically~*~*~ (stealth).
   156 | D:1      | Reached skill level 3 in Axes
   174 | D:1      | Reached XP level 3. HP: 21/23 MP: 3/3
   229 | D:1      | 229 ||| Stepping ~*~*~tactically~*~*~ (stealth).
   231 | D:1      | 231 ||| Stepping ~*~*~tactically~*~*~ (stealth).
   281 | D:1      | 281 ||| Stepping ~*~*~tactically~*~*~ (stealth).
   317 | D:1      | 317 ||| Stepping ~*~*~tactically~*~*~ (hiding).
   595 | D:1      | 595 ||| DROPPING ring of flight.
   596 | D:1      | 596 ||| READING scroll labelled HIFUROD YVESEKK.
   597 | D:1      | 597 ||| READING 2 scrolls labelled ZALAIV PIGINA.
   598 | D:1      | 598 ||| READING scroll labelled AHERUS VIOSA.
   599 | D:1      | 599 ||| DRINKING 2 sapphire potions.
   620 | D:1      | 620 ||| DROPPING scroll of fear.
   697 | D:2      | Found a sacrificial altar of Ru.
   827 | D:2      | Found a faded altar of an unknown god.
  1271 | D:2      | 1271 ||| Stepping ~*~*~tactically~*~*~ (stealth).
  1277 | D:2      | Reached XP level 4. HP: 27/28 MP: 4/4
  1374 | D:2      | 1374 ||| READING scroll labelled BOCOEM PURIALA.
  1375 | D:2      | 1375 ||| READING scroll labelled CESHRO NAAHI.
  1376 | D:2      | 1376 ||| READING 2 scrolls labelled LEXTUKIARCHE.
  1377 | D:2      | 1377 ||| READING 3 scrolls labelled XIEH QUOFICI.
  1380 | D:2      | 1380 ||| READING scroll labelled SYADDUREAPH.
  1381 | D:2      | 1381 ||| DRINKING 2 glowing red potions.
  1508 | D:3      | 1508 ||| Stepping ~*~*~tactically~*~*~ (stealth).
  1514 | D:3      | Reached skill level 4 in Axes
  1633 | D:3      | 1633 ||| Stepping ~*~*~tactically~*~*~ (stealth).
  1634 | D:3      | 1634 ||| Stepping ~*~*~tactically~*~*~ (stealth).
  1767 | D:3      | Found a white marble altar of Elyvilon.
  1828 | D:3      | 1828 ||| DROPPING +0 club.
  1880 | D:3      | 1880 ||| DROPPING +0 whip.
  2260 | D:3      | 2260 ||| READING scroll labelled DOYNUO MUSCHO.
  2260 | D:3      | Identified a scroll of acquirement
  2260 | D:3      | 2260 ||| ACQUIRING 724 gold pieces
  2260 | D:3      | Acquired 724 gold pieces
  2262 | D:3      | 2262 ||| READING scroll labelled EXEIHUASUN.
  2263 | D:3      | 2263 ||| READING 3 scrolls of identify.
  2263 | D:3      | 2263 ||| IDENTIFYING sedimented emerald potion
  2264 | D:3      | 2264 ||| READING 2 scrolls of identify.
  2264 | D:3      | 2264 ||| IDENTIFYING dark potion
  2265 | D:3      | 2265 ||| DROPPING potion of brilliance.
  2357 | D:4      | 2357 ||| Stepping ~*~*~tactically~*~*~ (hiding).
  2366 | D:4      | Reached XP level 5. HP: 32/32 MP: 5/5
  2375 | D:4      | Reached skill level 5 in Axes
  2390 | D:4      | HP: 4/32 [orc priest/divine providence (16)]
  2390 | D:4      | HP: 1/32 [something (1)]
  2391 | D:4      | 2391 ||| FLEEEEING.
  2392 | D:4      | 2392 ||| FLEEEEING.
  2392 | D:4      | Slain by an orc wizard

Levels and vault maps discovered:
D:1:      saegor_arrival_simple_a, layout_rooms
D:2:      layout_loops_ring, basic_altar, hellmonk_ecumenical_altar_arch_garden,
          nicolae_elevator_lobby_plus
D:3:      layout_basic, elyvilon_altar_3
D:4:      layout_loops_cross, nicolae_overflow_crystal_walls, serial_shops,
          nicolae_shop_mannequins, uniq_ijyb

Skill      XL: |  1  2  3  4  5 |
---------------+----------------+-----
Axes           | 2 3 4 5 |  5.0
Fighting       | |  3.3
Armour         | |  3.2
Shields        | |  3.2

Action                     |  1- 3 |  4- 6 || total
---------------------------+-------+-------++-------
  Melee: War axe           |   125 |    77 ||   202
    Use: Scroll            |     3 |     9 ||    12
         Potion            |     1 |     1 ||     2
 Armour: Scale mail        |    78 |    31 ||   109
  Dodge: Dodged            |    82 |    41 ||   123
  Block: Buckler           |    18 |     8 ||    26

Table legend:
 A = Non-vault XP
 B = Vault XP
 C = Vault XP percentage of total XP
 D = Non-vault monster count
 E = Vault monster count
 F = Vault count percentage of total count
                 A         B        C        D         E       F
            +---------+---------+-------+---------+---------+-------
      Total |     243 |       0 |   0.0 |      61 |       0 |   0.0
            +---------+---------+-------+---------+---------+-------
        D:1 |      50 |       0 |   0.0 |      30 |       0 |   0.0
        D:2 |      34 |       0 |   0.0 |      12 |       0 |   0.0
        D:3 |      74 |       0 |   0.0 |      13 |       0 |   0.0
        D:4 |      85 |       0 |   0.0 |       6 |       0 |   0.0
            +---------+---------+-------+---------+---------+-------
